Map: New Gettysburg LE

Players

Nickos - Winner!

  • Race: Terran Terran
  • League: Gold

USA

  • Race: Terran Terran

VOD

Have the link to the VOD?

Description

Time

  • Played on: Sept. 30, 2016, 6:08 a.m.
  • Length: 16:25
Show
View Real Time Build Order
Export as new Build Order

Nickos Terran - Winner!

Build Orders: MMM Bio 

Get SALT Encoding   

  12  0:02  SCV  
  14  0:14  SCV  
  14  0:19  Supply Depot  
  14  0:26  SCV  
  15  0:41  SCV  
  16  0:54  Barracks  
  16  0:55  SCV  
  17  1:07  SCV  
  18  1:19  SCV  
  18  1:22  Command Center  
  19  1:31  SCV  
  20  1:41  Supply Depot  
  20  1:42  Marine  
  20  1:44  Orbital Command  
  21  2:01  Marine  
  21  2:07  Barracks  
  21  2:08  Barracks  
  22  2:19  Marine  
  22  2:21  SCV  
  24  2:25  Refinery  
  24  2:27  Refinery  
  24  2:33  SCV  
  25  2:37  Marine  
  25  2:42  Orbital Command  
  26  2:47  SCV  
  27  2:55  Marine  
  28  2:59  SCV  
  28  3:02  Marine x2  
  31  3:16  SCV x2  
  33  3:28  Barracks Tech Lab, Barracks Reactor, SCV  
  33  3:31  Marine  
  35  3:36  SCV  
  35  3:40  SCV  
  37  3:47  Marine  
  38  3:48  SCV  
  38  3:52  Factory, SCV  
  40  4:00  Barracks Reactor, SCV  
  41  4:04  SCV  
  41  4:05  Marine  
  43  4:12  SCV  
  43  4:13  Marine, Stimpack  
  43  4:14  Marine  
  46  4:20  Engineering Bay x2, Barracks  
  46  4:40  SCV x2, Supply Depot, Marine  
  46  4:41  Supply Depot  
  46  4:43  Supply Depot, Marine x4  
  46  4:44  Factory Reactor  
  53  4:46  Starport  
  53  4:53  SCV  
  54  5:00  Terran Infantry Weapons Level 1  
  54  5:02  SCV, Marine  
  54  5:03  Marine  
  54  5:04  Marine x3  
  54  5:06  Refinery, SCV  
  61  5:14  SCV  
  61  5:21  Terran Infantry Armor Level 1  
  62  5:22  Barracks Tech Lab  
  57  5:38  Viking  
  57  5:40  Marine x4  
  57  5:41  Marine x2  
  65  5:48  SCV  
  65  5:49  SCV  
  67  5:58  Missile Turret  
  67  5:59  Marine  
  67  6:00  SCV  
  67  6:01  SCV  
  67  6:03  Medivac  
  72  6:06  Marine  
  73  6:12  Marine  
  73  6:13  SCV x2  
  76  6:19  Marine x2  
  78  6:29  Widow Mine  
  78  6:30  Supply Depot, Marauder  
  78  6:32  Marine  
  83  6:33  Supply Depot  
  83  6:36  Liberator  
  83  6:44  Marine x2  
  83  6:45  Marine  
  83  6:46  Marauder  
  88  6:51  Marauder  
  88  6:52  Marine  
  94  6:59  Armory  
  94  7:01  SCV x2  
  95  7:05  Marine x2  
  97  7:10  Supply Depot  
  97  7:13  Marine x2, SCV  
  100  7:21  SCV  
  101  7:23  Combat Shields  
  101  7:25  SCV  
  102  7:32  Refinery  
  104  7:39  Command Center  
  104  7:42  Marine x2  
  104  7:51  SCV  
  104  7:52  Terran Infantry Weapons Level 2, SCV  
  104  7:58  Terran Infantry Armor Level 2  
  106  7:59  Marine  
  107  8:06  SCV x2  
  109  8:15  Liberator  
  109  8:16  Liberator  
  106  8:31  Marine  
  106  8:32  Marine x3  
  116  8:38  Marine x2  
  118  8:50  Marine x4  
  118  8:52  Orbital Command  
  118  8:55  SCV x2  
  124  8:56  Marine  
  124  8:59  Supply Depot  
  124  9:01  Supply Depot  
  124  9:02  Supply Depot  
  125  9:07  SCV  
  126  9:15  Medivac  
  126  9:24  Marine x4  
  126  9:25  Marine x2  
  132  9:42  Medivac  
  132  9:43  Marauder x2  
  138  9:45  Medivac  
  140  9:53  SCV x3  
  140  9:54  Barracks, Marine x4  
  140  9:55  Barracks  
  140  9:59  Supply Depot  
  147  10:01  Supply Depot  
  147  10:03  Supply Depot  
  147  10:04  Marine  
  147  10:05  Marauder  
  150  10:09  Terran Infantry Weapons Level 3  
  150  10:12  Medivac  
  152  10:17  Terran Infantry Armor Level 3  
  152  10:18  Marine x2  
  152  10:19  Marine x2  
  156  10:22  Marine  
  133  10:48  Marine x2  
  133  10:49  Marine x2  
  137  10:50  Marine  
  136  11:05  Liberator x2  
  136  11:06  Marine x2  
  136  11:10  Marine x3  
  117  11:24  Marine x2  
  120  11:27  Marine  
  120  11:28  Marine x2  
  123  11:33  Barracks Reactor  
  123  11:37  SCV x2  
  123  11:38  SCV  
  123  11:39  Barracks Reactor  
  126  11:42  Marine x2  
  128  11:48  Liberator x2  
  110  12:33  Marine x2  
  110  12:34  Marine x3  
  110  12:35  Marine x4  
  117  12:51  Marine  
  117  12:57  Liberator  
  117  12:58  Liberator  
  118  13:04  Marine x5  
  118  13:05  Marine x3  
  109  13:09  Marine  
  101  13:21  Marine  
  101  13:22  Marine x4  
  106  13:30  Marine x4  
  110  13:37  Command Center  
  110  13:39  Marine  
  111  13:45  Marine  
  111  13:46  Marine x3  
  111  13:48  Marine x4  
  117  13:50  Command Center  
  119  13:57  Marine  
  119  14:00  Factory x4  
  123  14:03  Marine x2  
  123  14:04  Marine x2  
  96  14:46  Marine x5  
  96  14:51  Factory Tech Lab x3  
  102  14:52  Marine  
  96  15:20  Marine x3  
  96  15:21  Marine  
  93  15:23  Siege Tank x2  
  93  15:24  Siege Tank  
  102  15:32  Marine  
  102  15:38  Marine x3  
  102  15:39  Marine  
  100  15:56  Marine x4  
Show
View Real Time Build Order
Export as new Build Order

USA Terran 

Build Orders: Liberator Opening, Bio Tank 

Get SALT Encoding   

  12  0:01  SCV  
  13  0:17  Supply Depot  
  13  0:20  SCV  
  14  0:44  Barracks  
  14  0:46  SCV  
  15  1:02  SCV  
  16  1:04  Refinery  
  16  1:14  SCV  
  17  1:28  SCV  
  18  1:40  Orbital Command  
  18  1:46  Reaper  
  19  1:51  Supply Depot  
  19  1:56  Refinery  
  19  2:09  SCV  
  20  2:21  SCV  
  21  2:24  Factory  
  21  2:34  Command Center  
  21  2:38  Barracks Reactor  
  21  2:50  SCV  
  22  2:58  Barracks  
  22  3:02  SCV  
  22  3:09  Factory Tech Lab  
  22  3:15  SCV  
  22  3:18  Marine x2  
  25  3:25  Starport  
  25  3:27  SCV  
  26  3:30  Barracks  
  26  3:39  SCV  
  26  3:40  Siege Tank  
  30  3:46  Supply Depot  
  30  3:48  Liberator, Supply Depot  
  30  3:51  Orbital Command  
  30  3:54  SCV  
  31  3:56  Barracks Tech Lab  
  31  4:06  SCV  
  35  4:15  Engineering Bay  
  35  4:21  Siege Tank  
  38  4:24  Marine x2  
  38  4:27  Marine  
  41  5:02  Marine x2  
  43  5:08  SCV x2  
  45  5:15  Siege Tank  
  45  5:16  Marine x2  
  45  5:19  Stimpack  
  45  5:20  Marine x2, SCV  
  53  5:28  Medivac  
  55  5:41  SCV  
  55  5:42  SCV  
  57  5:47  Terran Infantry Weapons Level 1  
  57  5:48  Supply Depot  
  57  5:52  Supply Depot  
  57  5:54  SCV x2  
  57  5:55  Marine x2  
  62  5:58  Barracks Reactor  
  61  6:06  SCV  
  61  6:10  SCV  
  63  6:19  SCV  
  63  6:22  SCV  
  65  6:27  Refinery  
  65  6:28  Refinery, Command Center  
  65  6:32  SCV  
  66  6:34  SCV  
  66  6:39  Engineering Bay  
  67  6:43  Armory  
  67  6:44  SCV  
  67  6:46  SCV  
  59  6:52  Starport Reactor  
  59  6:53  Siege Tank  
  62  6:56  SCV  
  62  6:58  SCV  
  61  7:09  Marine x2  
  61  7:10  Marine  
  61  7:11  Marine x2  
  66  7:27  Marine x3  
  66  7:28  Barracks x2  
  66  7:29  Marine x2  
  71  7:30  Barracks  
  71  7:39  Medivac x2  
  75  7:53  Combat Shields  
  75  7:55  Siege Tank  
  75  7:57  Marine x4  
  75  7:58  Marine  
  83  8:09  Medivac x2  
  87  8:15  Marine x4, SCV x2  
  93  8:27  SCV x2  
  87  8:49  Barracks Reactor x2  
  87  8:50  Command Center  
  87  8:55  Barracks Reactor  
  87  8:59  Supply Depot  
  87  9:00  Supply Depot  
  87  9:02  Supply Depot  
  87  9:05  Supply Depot  
  86  9:22  SCV x2  
  88  9:28  Marine x6  
  88  9:29  Marine x3  
  88  9:31  Siege Tank  
  100  9:33  Medivac x2  
  100  9:34  SCV  
  105  9:39  Terran Infantry Weapons Level 2  
  105  9:40  Supply Depot, Terran Infantry Armor Level 1  
  105  9:42  Terran Vehicle Weapons Level 1, Supply Depot  
  105  9:43  Supply Depot  
  105  9:46  Marine x5  
  110  10:01  Marine x2  
  110  10:03  Siege Tank  
  115  10:08  Marine x4  
  115  10:09  Marine x5  
  115  10:40  Siege Tank  
  97  11:13  Siege Tank  
  91  11:32  Marine x6  
  93  11:33  Marine x5  
  93  11:35  Medivac x2  
  104  11:45  Siege Tank  
  107  11:49  Marine  
  107  11:50  Marine x5  
  107  11:51  Marine x4  
  102  12:16  Marine x3  
  102  12:17  Siege Tank  
  102  12:18  Medivac x2  
  110  12:42  Terran Infantry Weapons Level 3  
  110  12:43  Terran Infantry Armor Level 2  
  110  12:49  Siege Tank  
  110  12:50  Marine x3  
  91  13:15  Marine  
  91  13:16  Marine x10  
  102  13:21  Siege Tank  
  105  13:33  Marine  
  105  13:34  Marine x2  
  108  13:53  Siege Tank  
  111  14:25  Siege Tank  
  101  14:46  Marine x5  
  101  14:47  Marine x6  
  107  15:04  Marine x2  
Tags
 
Add a new tag
Caveats
  • Supply blocks, unpowered buildings, or Contaminate may cause inaccurate times.
  • Supply counts are checked every 10 seconds.